 Dungeon Crawl Stone Soup version 0.30.0-5-g1a98f26d00 (webtiles) character file.

Game seed: 3252103476386862993

1332 Exaltedone87 the Covered (level 8, -4/106 HPs)
             Began as an Armataur Fighter on May 12, 2023.
             Was an Initiate of Cheibriados.
             Killed from afar by a steam dragon (7 damage)
             ... with a ball of steam
             ... on level 6 of the Dungeon on May 13, 2023.
             The game lasted 00:08:01 (4289 turns).

Exaltedone87 the Covered (Armataur Fighter)         Turns: 4289, Time: 00:08:02

Health: -4/106     AC: 14    Str: 25    XL:     8   Next: 34%
Magic:  17/17      EV:  5    Int: 10    God:    Cheibriados [......]
Gold:   213        SH:  5    Dex: 10    Spells: 7/7 levels left

rFire   . . .        q - +1 flail (protect)
rCold   . . .        c - +0 buckler
rNeg    . . .        u - +0 plate armour
rPois   .            t - +0 helmet
rElec   .            g - +0 cloak
rCorr   .            r - +0 pair of gloves
SInv    .            (no barding)
Will    .....        (no amulet) Stlth
                     l - ring of magical power
HPRegen 1.17/turn    (no ring)
MPRegen 0.15/turn

%: roll
@: berserking, lethally poisoned (-4 -> -6), very slow
A: large, rugged brown scales 3, deformed body, armoured tail, roll, long
tongue, awkward tongue, mutation resistance 1, regeneration 1, MP-powered wands
a: Renounce Religion


You were on level 6 of the Dungeon.
You worshipped Cheibriados.
Cheibriados was noncommittal.
You visited 2 branches of the dungeon, and saw 7 of its levels.

You collected 213 gold pieces.

Inventory:

Hand Weapons
 e - a +0 flail of venom
 q - a +1 flail of protection (weapon)
Armour
 c - a +0 buckler (worn)
 g - a +0 cloak (worn)
 r - a +0 pair of gloves (worn)
 t - a +0 helmet (worn)
 u - a +0 plate armour (worn)
Jewellery
 l - a ring of magical power (left hand)
Wands
 k - a wand of acid (7)
 m - a wand of flame (17)
Scrolls
 b - 3 scrolls of identify
 d - a scroll of teleportation
 n - a scroll of enchant weapon {unknown}
 s - a scroll of summoning {unknown}
 v - a scroll of poison
Potions
 a - a potion of heal wounds
 f - a potion of curing {unknown}
 h - a potion of mutation
 i - 2 potions of magic
 j - 3 potions of might
 o - 2 potions of flight
 p - a potion of ambrosia {unknown}
 w - a potion of berserk rage


   Skills:
 + Level 4.9 Fighting
 * Level 6.1 Maces & Flails
 + Level 6.5 Armour
 + Level 6.0 Shields


You had 7 spell levels left.
You didn't know any spells.
Your spell library contained the following spells:

 Spells                   Type           Power      Damage    Failure   Level
 Beastly Appendage        Tmut           0%         N/A       99%         1
 Freeze                   Ice            0%         1d3       99%         1
 Wereblood                Tmut           0%         N/A       100%        2
 Frozen Ramparts          Ice            0%         1d1       100%        3
 Hailstorm                Conj/Ice       0%         3d3       100%        3
 Spider Form              Tmut/Pois      0%         N/A       100%        3


Dungeon Overview and Level Annotations

Branches:
Dungeon (6/15)             Temple (1/1) D:5

Altars:
Ashenzari
Cheibriados
Dithmenos
Elyvilon
Fedhas
Gozag
Hepliaklqana
Kikubaaqudgha
Makhleb
Okawaru
Qazlal
Ru
Sif Muna
Trog
Uskayaw
Vehumet
Xom
Yredelemnul
Zin
The Shining One

Shops:
D:1 *   D:3 :


Innate Abilities, Weirdness & Mutations

You are completely covered in rugged brown scales. (AC +3, +7% HP)
Armour fits poorly on your strangely shaped body.
You have a long armoured tail.
You roll when moving toward enemies. (Rampage)
Your long tongue fully drains potion bottles. (2x potion effects)
Your tongue gives you trouble enunciating. (1.5x scroll delay)
You are somewhat resistant to further mutation.
Your natural rate of healing is unusually fast.
You expend magic power (3 MP) to strengthen your wands.


Message History

You closely miss the steam dragon.
You feel very sick. The gnoll hits you but does no damage.
You are more poisoned.
The steam dragon breathes steam at you. The ball of steam hits you.
* * * LOW HITPOINT WARNING * * *
The gnoll barely misses you.
The steam dragon attacks as you move away!
The steam dragon bites you but does no damage.
The steam dragon barely misses you.
You are engulfed in a cloud of scalding steam.
* * * LOW HITPOINT WARNING * * *
You feel very sick.
The steam dragon attacks as you move away!
You block the steam dragon's attack.
The steam dragon claws you but does no damage.
You feel very sick.
You feel very sick.
The steam dragon bites you but does no damage.
The steam dragon claws you but does no damage.
You feel very sick. The gnoll hits you but does no damage.
You are more poisoned.
The steam dragon attacks as you move away!
The steam dragon bites you.
* * * LOW HITPOINT WARNING * * *
The steam dragon claws you.
* * * LOW HITPOINT WARNING * * *
x2 You feel very sick.
There is a stone staircase leading up here.
It was a potion of berserk rage.
A red film seems to cover your vision as you go berserk!
Cheibriados protects you from inadvertent hurry.
You feel mighty!
You slurp down every last drop of the potion of berserk rage!
You feel sick. The steam dragon breathes steam at you.
The ball of steam hits you!
You die...

# ..........^...#
#.#......).....#
##.#....#).)$...#
##......##.......#.
#.......#............
#...........#........
#.......g..##........
#......D....##.......
#......@...####......
###........##.#......
##................
#..................
##...[...........##
..................#
....................
..................##
...##....†.........


You could see a steam dragon (catching breath) and a gnoll.

Vanquished Creatures
  Grinder (D:5)
  Sigmund (D:2)
  A water moccasin (D:5)
  A sky beast (D:6)
  An ogre (D:4)
  A phantom (D:4)
  A scorpion (D:4)
  2 hounds
  A jelly (D:5)
  2 orc priests (D:4)
  A gnoll bouda (D:6)
  Jessica (D:2)
  Terence (D:2)
  2 orc wizards
  9 adders
  11 gnolls
  2 shadow imps
  An ufetubus (D:6)
  2 worms
  3 dart slugs
  9 orcs
  3 bats
  6 endoplasms
  4 giant cockroaches
  3 hobgoblins
  5 jackals
  3 quokkas
  7 ball pythons
  3 frilled lizards
  9 goblins
  5 kobolds
  3 rats
105 creatures vanquished.

Vanquished Creatures (others)
  An orc wizard (D:4)
1 creature vanquished.

Grand Total: 106 creatures vanquished

Notes
Turn   | Place    | Note
-------+----------+-------------------------------------------
     0 | D:1      | Exaltedone87 the Armataur Fighter began the quest for the
                  | Orb.
     0 | D:1      | Reached XP level 1. HP: 19/19 MP: 1/1
    84 | D:1      | Found Ocoj's Assorted Antiques.
   328 | D:1      | Reached XP level 2. HP: 26/26 MP: 2/2
   528 | D:1      | HP: 1/26 [poisoned by a gnoll]
   529 | D:1      | Gained mutation: Your natural rate of healing is unusually
                  | fast. [potion of mutation]
   529 | D:1      | Gained mutation: You are somewhat resistant to further
                  | mutation. [potion of mutation]
   529 | D:1      | Gained mutation: You expend magic power (3 MP) to
                  | strengthen your wands. [potion of mutation]
   533 | D:1      | HP: 1/26 [poisoned by a gnoll]
   716 | D:1      | Reached XP level 3. HP: 11/32 MP: 3/3
  1028 | D:2      | Noticed Jessica
  1040 | D:2      | Killed Jessica
  1041 | D:2      | Reached XP level 4. HP: 10/40 MP: 4/4
  1286 | D:2      | Noticed Sigmund
  1327 | D:2      | Killed Sigmund
  1328 | D:2      | Reached XP level 5. HP: 11/48 MP: 5/5
  1492 | D:2      | Reached XP level 6. HP: 54/54 MP: 6/6
  1541 | D:2      | Noticed Terence
  1547 | D:2      | Killed Terence
  1841 | D:3      | Reached skill level 5 in Armour
  1875 | D:3      | Found a faded altar of an unknown god.
  1956 | D:3      | Found Moaddut's Book Shop.
  2613 | D:3      | Found a shimmering altar of Xom.
  2614 | D:3      | Found a hide-covered altar of Uskayaw.
  2617 | D:3      | Found an iron altar of Okawaru.
  2619 | D:3      | Found a blossoming altar of Fedhas.
  2620 | D:3      | Found a radiant altar of Vehumet.
  2621 | D:3      | Found a glowing silver altar of Zin.
  2623 | D:3      | Found a white marble altar of Elyvilon.
  2784 | D:4      | Reached skill level 5 in Shields
  2784 | D:4      | Reached XP level 7. HP: 36/63 MP: 7/7
  2974 | D:4      | Reached skill level 5 in Maces & Flails
  3261 | D:5      | Entered Level 5 of the Dungeon
  3509 | D:5      | Noticed Grinder
  3534 | D:5      | Killed Grinder
  3644 | D:5      | Reached XP level 8. HP: 68/71 MP: 8/8
  3938 | D:5      | Found a staircase to the Ecumenical Temple.
  3943 | Temple   | Entered the Ecumenical Temple
  3973 | Temple   | Became a worshipper of Cheibriados the Contemplative
  4288 | D:6      | HP: 3/71 [poisoned by a gnoll]
  4289 | D:6      | Killed from afar by a steam dragon

Illustrated notes

Levels and vault maps discovered:
D:1:      sevenhm_arrival_forest_fort_small_4, layout_basic, serial_shops,
          nicolae_shop_hallway_stairs
D:2:      kennysheep_big_flooded_room, layout_basic, st_stairs_12,
          cheibrodos_gnoll_hut, uniq_jessica, uniq_sigmund, uniq_terence
D:3:      layout_basic, minitemple, shapermc_ecumenical_altar_totnotflames,
          serial_shops, nicolae_lakefront_shop
D:4:      layout_cave_pools
D:5:      layout_loops_ring, minmay_temple_entry_nine_rooms, uniq_grinder
D:6:      layout_cave_pools, minmay_crystal_water, uniq_duvessa,
          uniq_prince_ribbit1
Temple:   nicolae_temple_bog_church

Skill      XL: |  1  2  3  4  5  6  7  8 |
---------------+-------------------------+-----
Maces & Flails | 2 3 4 5 6 |  6.1
Armour         | 4 5 6 |  6.5
Fighting       | 3 4 |  4.9
Shields        | 4 5 6 |  6.0

Action                     |  1- 3 |  4- 6 |  7- 9 || total
---------------------------+-------+-------+-------++-------
  Melee: Flail             |    58 |   148 |   124 ||   330
         Tailslap          |     2 |    18 |    14 ||    34
    Use: Potion            |     2 |     3 |     1 ||     6
         Scroll            |       |       |     7 ||     7
 Armour: Scale mail        |    21 |    77 |     9 ||   107
         Plate armour      |       |       |    95 ||    95
  Dodge: Dodged            |    18 |    43 |    34 ||    95
  Block: Buckler           |    15 |    42 |    38 ||    95
